 Dungeon Crawl Stone Soup version 0.17-a0-1248-g117de50 (webtiles) character file.

68 kidanger the Firebug (level 3, -2/26 HPs)
             Began as a Demigod Fire Elementalist on June 5, 2015.
             Succumbed to an orc's poison
             ... on level 2 of the Dungeon.
             The game lasted 00:09:57 (1571 turns).

kidanger the Firebug (Demigod Fire Elementalist)    Turns: 1571, Time: 00:09:58

Health: -2/26      AC:  2    Str: 11    XL:     3   Next: 73%
Magic:  1/9        EV: 13    Int: 21    God:
Gold:   50         SH:  0    Dex: 16    Spells: 2 memorised, 3 levels left

rFire  . . .     SeeInvis .     p - +1 dagger (holy)
rCold  . . .     Clarity  .     a - +0 robe
rNeg   . . .     SustAt   +     (no shield)
rPois  .         Gourm    .     (no helmet)
rElec  .         Spirit   .     (no cloak)
rCorr  .         Warding  .     (no gloves)
rMut   .         Stasis   .     (no boots)
MR     .....                    (no amulet)
Stlth  ++........               (no ring)
                                (no ring)

@: lethally poisoned (-2 -> -40), not resistant to hostile enchantments,
unstealthy
A: high mp 1, sustain attributes
a: no special abilities


You were on level 2 of the Dungeon.
You were not hungry.

You visited 1 branch of the dungeon, and saw 3 of its levels.

You collected 50 gold pieces.

Inventory:

Hand weapons
 j - a +2 flail of pain
 p - a +1 dagger of holy wrath (weapon)
Armour
 a - a +0 robe (worn)
Jewellery
 o - a cursed -3 ring of strength {unknown}
Magical devices
 k - a wand of digging (15)
Scrolls
 e - a scroll of fear {unknown}
 g - 3 scrolls of identify {unknown}
 i - a scroll of magic mapping {unknown}
 n - a scroll of blinking {unknown}
Potions
 d - a potion of brilliance {unknown}
 h - a potion of curing {unknown}
Books
 b - a book of Flames

   Spells                             Type                      Level
   a - Flame Tongue                   Conjuration/Fire             1
   b - Throw Flame                    Conjuration/Fire             2
   c - Conjure Flame                  Conjuration/Fire             3
   d - Inner Flame                    Hexes/Fire                   3
   e - Sticky Flame                   Conjuration/Fire             4
   f - Fireball                       Conjuration/Fire             5
Comestibles
 c - a bread ration
 f - a royal jelly


   Skills:
 + Level 0.1 Fighting
 + Level 2.2 Dodging
 + Level 1.9 Stealth
 + Level 2.2 Spellcasting
 + Level 1.0 Conjurations
 + Level 3.7 Fire Magic


You had 3 spell levels left.
You knew the following spells:

 Your Spells              Type           Power        Failure   Level  Hunger
a - Flame Tongue          Conj/Fire      ##...        8%          1    #......
b - Throw Flame           Conj/Fire      ##....       12%         2    ##.....


Dungeon Overview and Level Annotations

Branches:
Dungeon (3/15)


Innate Abilities, Weirdness & Mutations

You have an increased reservoir of magic (+10% MP).
Your attributes are resistant to harm.


Message History

The orc hits you with a short sword of venom.
You are lethally poisoned!
You barely miss the orc.
You feel sick.
The orc hits you with a short sword of venom.
You are more poisoned.
An orc comes into view.
You closely miss the orc.
* * * LOW HITPOINT WARNING * * *
You feel very sick. The orc hits you but does no damage.
You barely miss the orc.
* * * LOW HITPOINT WARNING * * *
You feel sick. The orc misses you.
* * * LOW HITPOINT WARNING * * *
You feel sick.
The orc hits you with a short sword of venom.
* * * LOW HITPOINT WARNING * * *
You are more poisoned.
You climb upwards.
You die...

.###########.#
.#....(......#
.#.#########.# .#...# #.#
.###.# #.# .# #.# #.#
.###.#######.#
...........#.#####
........>......o@#
........<#.#######
.......#.#.#
####.#...#.######
.)...#.#........#
######.#†#.####.#
.........#.####.#
####.....#......###
.........#........#######


You could see an orc.

Vanquished Creatures
  An adder (D:2)
  An ooze (D:2)
  A worm (D:2)
  3 orcs (D:3)
  4 giant cockroaches
  8 hobgoblins
  7 jackals
  2 quokkas (D:2)
  A ball python (D:2)
  3 bats (D:2)
  2 giant newts (D:2)
  3 goblins
  4 kobolds (D:2)
  5 rats
45 creatures vanquished.

Notes
Turn   | Place    | Note
--------------------------------------------------------------
     0 | D:1      | kidanger the Demigod Fire Elementalist began the quest for the Orb.
     0 | D:1      | Reached XP level 1. HP: 14/14 MP: 5/5
   152 | D:1      | Reached skill level 3 in Fire Magic
   323 | D:1      | Reached XP level 2. HP: 20/20 MP: 5/7
   341 | D:1      | Learned a level 2 spell: Throw Flame
   625 | D:2      | Reached XP level 3. HP: 24/26 MP: 0/8
   670 | D:2      | Reached skill level 1 in Conjurations
  1571 | D:2      | Succumbed to an orc's poison

Vault maps used:
D:1:      minmay_arrival_four_loops
D:3:      first_bread

Action                   || total
-------------------------++-------
Melee: Flail             ||     9
       Unarmed           ||     4
       Dagger            ||    23
 Cast: Flame Tongue      ||    65
       Throw Flame       ||     9
  Eat: Pizza             ||     1
       Beef jerky        ||     1
       Chunk             ||     1
